 Dungeon Crawl Stone Soup version 0.23-a0-677-g07611c5 (console) character file.

22 Duffy the Firebug (level 2, -3/19 HPs)
             Began as a Demonspawn Fire Elementalist on Jan 9, 2019.
             Slain by a quokka (5 damage)
             ... on level 3 of the Dungeon.
             The game lasted 00:00:56 (659 turns).

Duffy the Firebug (Demonspawn Fire Elementalist)     Turns: 659, Time: 00:00:57

Health: -3/19      AC:  3    Str:  8    XL:     2   Next: 68%
Magic:  1/5        EV: 12    Int: 16    God:
Gold:   57         SH:  0    Dex: 13    Spells: 4/5 levels left

rFire    . . .     SeeInvis .   f - +0 whip
rCold    . . .     Gourm    .   (no shield)
rNeg     . . .     Faith    .   a - +0 robe
rPois    .         Spirit   .   (no helmet)
rElec    .         Reflect  .   (no cloak)
rCorr    .         Harm     .   b - +0 pair of gloves
MR       .....                  (no boots)
Stlth    ++........             (no amulet)
HPRegen  0.06/turn              (no ring)
MPRegen  0.09/turn              (no ring)

@: no status effects
A: powered by death 1
a: no special abilities


You were on level 3 of the Dungeon.
You were not hungry.

You visited 1 branch of the dungeon, and saw 3 of its levels.

You collected 57 gold pieces.

Inventory:

Hand Weapons
 f - a +0 whip (weapon)
Armour
 a - a +0 robe (worn)
 b - a +0 pair of gloves (worn)
Scrolls
 d - a scroll of enchant weapon {unknown}
 e - a scroll of remove curse {unknown}
 g - 3 scrolls of amnesia {unknown}
Comestibles
 c - 2 rations
 h - 3 chunks of flesh


   Skills:
 - Level 1.7 Dodging
 - Level 1.7 Stealth
 + Level 2.1 Spellcasting
 + Level 2.5 Conjurations
 + Level 2.8 Fire Magic


You had 4 spell levels left.
You knew the following spells:

 Your Spells              Type           Power        Failure   Level  Hunger
h - Flame Tongue          Conj/Fire      ##...        7%          1    #......

Your spell library contained the following spells:

 Spells                   Type           Power        Failure   Level  Hunger
 Throw Flame              Conj/Fire      ##....       11%         2    ###....
 Conjure Flame            Conj/Fire      ##......     21%         3    ###....
 Inner Flame              Hex/Fire       #.......     34%         3    ###....
 Sticky Flame             Conj/Fire      ##......     56%         4    #####..
 Fireball                 Conj/Fire      ##........   88%         5    ######.


Dungeon Overview and Level Annotations

Branches:
Dungeon (3/15)

Altars:
Gozag


Innate Abilities, Weirdness & Mutations

You regenerate a little health from kills.


Message History

You see here a +0 club.
Casting: Flame Tongue (safe; 7% risk of failure)
Confirm with . or Enter, or press ? or * to list all spells.
Aiming: Flame Tongue (safe; 7% risk of failure)
Press: ? - help, Shift-Dir - straight line, f/p - quokka
Aim: a quokka (moderately wounded)
The flame tongue misses the quokka.
The quokka bites you. The quokka barely misses you.
You closely miss the quokka.
The quokka is moderately wounded.
The quokka bites you but does no damage.
You miss the quokka.
The quokka is moderately wounded.
The quokka bites you but does no damage.
You aren't carrying any potions.
The quokka closely misses you.
You see here a rat skeleton.
Your magical contamination has completely faded away.
The quokka bites you.
You die...

###############
##........^....##
##...#######@#.#.##
#..........r.<....#
#....##%####.#.#..#
######.#.##.#.####...#.#
........).)###.####.##.#
#####.....## ##.###.##.#
#....## ##.#.#.#.#
#.....# #...###..#####
#(.#.#.# #.###.#.......#


You could see a quokka.

Vanquished Creatures
  A dart slug (D:1)
  A leopard gecko (D:1)
  A goblin (D:2)
  3 hobgoblins
  2 quokkas
  5 bats
  A frilled lizard (D:1)
  3 kobolds (D:1)
  3 rats
20 creatures vanquished.

Notes
Turn   | Place    | Note
-------+----------+-------------------------------------------
     0 | D:1      | Duffy the Demonspawn Fire Elementalist began the quest for
                  | the Orb.
     0 | D:1      | Reached XP level 1. HP: 13/13 MP: 3/3
   286 | D:1      | Gained mutation: You regenerate a little health from kills.
                  | [demonic ancestry]
   286 | D:1      | Reached XP level 2. HP: 19/19 MP: 1/5
   474 | D:2      | Found an opulent altar of Gozag.
   659 | D:3      | Slain by a quokka

Vault maps used:
D:1:      dpeg_arrival_solitude, serial_park_tiny_pond
D:2:      first_ration, grunt_gozag_statues
D:3:      kiku_gazebo_garden_becter, gammafunk_ghost_necromancy, uniq_terence

Skill      XL: |  1 |
---------------+----+-----
Conjurations   | 2 |  2.5
Dodging        | |  1.7
Stealth        | |  1.7
Spellcasting   | |  2.1
Fire Magic     | |  2.8

Action                   || total
-------------------------++-------
Melee: Unarmed           ||    12
       Whip              ||    15
 Cast: Flame Tongue      ||    31
Armor: Robe              ||    10
Dodge: Dodged            ||    36

Table legend:
 A = Non-vault XP
 B = Vault XP
 C = Vault XP percentage of total XP
 D = Non-vault monster count
 E = Vault monster count
 F = Vault count percentage of total count
                 A         B        C        D         E       F
            +---------+---------+-------+---------+---------+-------
      Total |      32 |       0 |   0.0 |      20 |       0 |   0.0
            +---------+---------+-------+---------+---------+-------
        D:1 |      19 |       0 |   0.0 |      12 |       0 |   0.0
        D:2 |       5 |       0 |   0.0 |       3 |       0 |   0.0
        D:3 |       8 |       0 |   0.0 |       5 |       0 |   0.0
            +---------+---------+-------+---------+---------+-------
